 Dungeon Crawl Stone Soup version 0.16-a0-3458-g6d2551d (webtiles) character file.

114 NewYearsCrawler the Shield-Bearer (level 5, -2/42 HPs)
             Began as a Formicid Fighter on Jan 1, 2015.
             Slain by a hobgoblin (3 damage)
             ... on level 3 of the Dungeon.
             The game lasted 00:01:42 (2159 turns).

NewYearsCrawler the Shield-Bearer (FoFi)            Turns: 2159, Time: 00:01:42

Health: -2/42      AC:  7    Str: 22    XL:     5   Next: 18%
Magic:  7/7        EV:  8    Int:  7    God:
Gold:   74         SH:  9    Dex: 10    Spells: 0 memorised, 4 levels left

rFire  . . .     SeeInvis +     a - +0 war axe
rCold  . . .     Clarity  .     b - +0 scale mail
rNeg   . . .     SustAb   .     c - +0 shield
rPois  .         Gourm    .     (helmet unavailable)
rElec  .         Spirit   .     (no cloak)
rCorr  .         Warding  .     (no gloves)
rMut   .         Stasis   +     (no boots)
MR     .....                    (no amulet)
Stlth  ..........               (no ring)
                                (no ring)

@: not resistant to hostile enchantments, extremely unstealthy
A: permanent stasis, dig shafts and tunnels, four strong arms, antennae 3
a: Dig, Shaft Self


You were on level 3 of the Dungeon.
You were very hungry.

You visited 1 branch of the dungeon, and saw 3 of its levels.

You collected 74 gold pieces.

Inventory:

Hand weapons
 a - a +0 war axe (weapon)
Armour
 b - a +0 scale mail (worn)
 c - a +0 shield (worn)
Magical devices
 h - a wand of polymorph (10)
Scrolls
 g - 3 scrolls of identify {unknown}
 i - 3 scrolls of remove curse {unknown}
 j - a scroll of enchant weapon {unknown}
 l - a scroll of enchant armour {unknown}
Potions
 e - 4 potions of restore abilities {unknown}
Comestibles
 d - 2 bread rations
 f - a fruit
 k - a meat ration


   Skills:
 + Level 4.0 Fighting
 + Level 2.6 Axes
 + Level 3.8 Armour
 + Level 1.3 Dodging
 + Level 1.1 Stealth
 + Level 4.4 Shields


You had 4 spell levels left.
You didn't know any spells.

Dungeon Overview and Level Annotations

Branches:
Dungeon (3/15)

Altars:
Yredelemnul


Innate Abilities, Weirdness & Mutations

You are under a permanent stasis effect.
You can dig through walls and to a lower floor.
Your four strong arms can wield two-handed weapons with a shield.
You have a pair of large antennae on your head (SInv).


Message History

The orc misses you. The hobgoblin closely misses you.
The orc hits you but does no damage. The hobgoblin closely misses you.
The goblin hits you but does no damage. The orc hits you with a hand axe.
* * * LOW HITPOINT WARNING * * *
The hobgoblin closely misses you. The goblin hits you with a dagger.
* * * LOW HITPOINT WARNING * * *
The orc hits you but does no damage. You block the hobgoblin's attack.
The orc hits you but does no damage. The goblin closely misses you.
The hobgoblin hits you.
* * * LOW HITPOINT WARNING * * *
The orc barely misses you. You block the orc's attack.
You block the goblin's attack. You block the hobgoblin's attack.
You block the orc's attack. The orc hits you with a hand axe.
* * * LOW HITPOINT WARNING * * *
The goblin hits you but does no damage. You block the hobgoblin's attack.
The goblin hits you but does no damage. You block the orc's attack.
The orc barely misses you. The hobgoblin hits you.
You die...

########
##......#
.....##.#
##.#.##.#
#.#.##.#######
#.#.##.......#
#.#.########.#
##.#.#
#.########.##
#....#
#.#o@gg.......
#..###
#.#o#g####.##
#..# #.^...#
#..# #.#.#.#
#..#
#........#
...#
#.##.#.#..#
#.## #
#.....!.. #.#
###...>### #.#
#.#.##


You could see 2 orcs, 2 hobgoblins and a goblin.

Vanquished Creatures
  Jessica (D:2)
  Robin (D:2)
  A gnoll (D:1)
  An adder (D:2)
  A giant mite (D:3)
  A worm (D:2)
  A giant gecko (D:2)
  An ooze (D:1)
  4 bats
  4 giant cockroaches (D:1)
  9 hobgoblins
  A quokka (D:2)
  3 giant newts
  16 goblins
  8 kobolds
  6 rats
59 creatures vanquished.

Notes
Turn   | Place    | Note
--------------------------------------------------------------
     0 | D:1      | NewYearsCrawler, the Formicid Fighter, began the quest for the Orb.
     0 | D:1      | Reached XP level 1. HP: 18/18 MP: 1/1
   125 | D:1      | Reached XP level 2. HP: 12/24 MP: 3/3
   289 | D:1      | Reached skill level 4 in Shields
   346 | D:1      | Reached XP level 3. HP: 26/29 MP: 4/4
  1047 | D:2      | Reached skill level 1 in Dodging
  1052 | D:2      | Noticed Robin
  1059 | D:2      | Reached XP level 4. HP: 27/37 MP: 5/5
  1071 | D:2      | Killed Robin
  1798 | D:2      | Noticed Jessica
  1804 | D:2      | Killed Jessica
  1804 | D:2      | Reached skill level 1 in Stealth
  1804 | D:2      | Reached XP level 5. HP: 40/42 MP: 7/7
  1920 | D:2      | Found a basalt altar of Yredelemnul.
  2156 | D:3      | HP: 1/42 [hobgoblin (3)]
  2159 | D:3      | Slain by a hobgoblin

Action                   |  1- 3 |  4- 6 || total
-------------------------+-------+-------++-------
Melee: War axe           |    85 |    59 ||   144
  Use: Potion            |       |     2 ||     2
 Stab: Invisible         |       |     3 ||     3
  Eat: Chunk             |       |     3 ||     3
